 Dungeon Crawl Stone Soup version 0.30.0-29-ga12c61a403 (webtiles) character file.

Game seed: 12480238927890275841

741 cdecastro the Trooper (level 7, -3/67 HPs)
             Began as a Hill Orc Fighter on June 23, 2023.
             Was a Believer of Nemelex Xobeh.
             Slain by an ogre
             ... wielding a +0 giant spiked club
              (21 damage)
             ... on level 5 of the Dungeon.
             The game lasted 00:06:35 (3955 turns).

cdecastro the Trooper (Hill Orc Fighter)            Turns: 3955, Time: 00:06:35

Health: -3/67      AC: 13    Str: 21    XL:     7   Next: 75%
Magic:  8/8        EV:  9    Int: 11    God:    Nemelex Xobeh [**....]
Gold:   87         SH:  4    Dex: 10    Spells: 6/6 levels left

rFire   . . .        a - +0 war axe
rCold   + . .        c - +0 buckler
rNeg    . . .        A - +2 scale mail of Parphif {rC+ Int+3}
rPois   +            r - +0 helmet
rElec   .            k - +1 cloak
rCorr   .            (no gloves)
SInv    .            w - +0 pair of boots
Will    .....        (no amulet) Stlth
                     t - ring of poison resistance
HPRegen 0.31/turn    (no ring)
MPRegen 0.11/turn

%: no passive effects
@: no status effects
A: no striking features
a: Renounce Religion, Draw Escape, Draw Destruction, Draw Summoning


You were on level 5 of the Dungeon.
You worshipped Nemelex Xobeh.
Nemelex Xobeh was pleased with you.
You visited 1 branch of the dungeon, and saw 5 of its levels.

You collected 178 gold pieces.
You spent 91 gold pieces at shops.

Inventory:

Hand Weapons
 a - a +0 war axe (weapon)
Missiles
 p - 10 poisoned darts (quivered)
Armour
 c - a +0 buckler (worn)
 k - a +1 cloak (worn)
 r - a +0 helmet (worn)
 v - a +0 plate armour
 w - a +0 pair of boots (worn)
 A - the +2 scale mail of Parphif (worn) {rC+ Int+3}
   (You found it on level 5 of the Dungeon)

   Int:       It affects your intelligence (+3).
   rC:        It protects you from cold.
Jewellery
 t - a ring of poison resistance (left hand)
Wands
 z - a wand of polymorph (10)
Scrolls
 d - a scroll of fear {unknown}
 g - a scroll of enchant weapon {unknown}
 i - 4 scrolls of identify {unknown}
 m - 3 scrolls of teleportation
 n - 5 scrolls of enchant armour {unknown}
 o - a scroll of amnesia {unknown}
 q - a scroll of blinking {unknown}
 s - a scroll of immolation {unknown}
 x - 2 scrolls of fog
 y - 2 scrolls of vulnerability {unknown}
Potions
 b - 2 potions of haste {unknown}
 e - a potion of invisibility {unknown}
 f - 2 potions of heal wounds {unknown}
 h - a potion of degeneration {unknown}
 j - a potion of mutation {unknown}
 l - 3 potions of resistance {unknown}
 u - 3 potions of curing {unknown}
 B - a potion of attraction {unknown}


   Skills:
 * Level 7.9 Fighting
 + Level 7.6 Axes
 - Level 3.2 Armour
 - Level 3.2 Shields
 + Level 2.4 Invocations


You had 6 spell levels left.
You didn't know any spells.
Your spell library contained the following spells:

 Spells                   Type           Power      Damage    Failure   Level
 Sandblast                Erth           0%         2d4       75%         1
 Shock                    Conj/Air       0%         1d3       75%         1
 Passwall                 Tmut/Erth      0%         N/A       87%         2
 Stone Arrow              Conj/Erth      0%         3d7       98%         3
 Swiftness                Air            0%         N/A       98%         3
 Airstrike                Air            0%         2d(0-16)  100%        4
 Animate Armour           Summ/Erth      0%         N/A       100%        4
 Lehudib's Crystal Spear  Conj/Erth      0%         10d2      100%        8


Dungeon Overview and Level Annotations

Branches:
Dungeon (5/15)
 Temple: D:4-7

Altars:
Nemelex Xobeh
Vehumet

Shops:
D:1 (   D:3 ?


Message History

You block the ogre's attack.
You closely miss the ogre.
The ogre is moderately wounded.
The ogre barely misses you.
You closely miss the ogre.
The ogre is moderately wounded.
The ogre hits you but does no damage.
You barely miss the ogre.
The ogre is moderately wounded.
You slash the ogre!
The ogre is severely wounded.
The ogre closely misses you.
You slash the ogre!
You kill the ogre!
Found a stone staircase leading up.
Things that are here:
a +0 giant club; an ogre corpse An ogre comes into view.
It is wielding a +0 giant spiked club.
The ogre shouts!
An ogre is nearby!
An ogre is nearby!
An ogre is nearby!
You barely miss the ogre. You block the ogre's attack.
You barely miss the ogre. The ogre closely misses you.
You closely miss the ogre.
The ogre hits you with a +0 giant spiked club!!
You hit the ogre.
The ogre is moderately wounded.
You hit the ogre.
The ogre is heavily wounded.
The ogre hits you with a +0 giant spiked club!
You hit the ogre but do no damage.
The ogre is heavily wounded.
The ogre hits you with a +0 giant spiked club!
* * * LOW HITPOINT WARNING * * *
You slash the ogre!
The ogre is severely wounded.
The ogre hits you with a +0 giant spiked club!!
You die...
Your body glows slightly and disappears.

### #.## ##.## ## ##.##### ###
###. ##.##.# #.#### ##...###
##.#.# ##..## ##......####
#..## ##...
#...........####.## ##..
............O@....## ###...
...........###.....######.....
..........####......##........
..........###.................
..##.......##.....##..###.....
............#....###..##.....#
................###......####
.................##.....## #.
..................#....## #.


You could see an ogre.

Vanquished Creatures
  Duvessa (D:4)
  An ice beast (D:5)
  An ogre (D:5)
  Blork the orc (D:3)
  Dowan (D:4)
  2 hounds
  An iguana (D:4)
  Jessica (D:2)
  A sleepcap (D:4)
  3 orc wizards
  Robin (D:1)
  4 adders
  An ufetubus (D:4)
  A worm (D:2)
  2 dart slugs
  8 orcs
  3 endoplasms (D:1)
  14 goblins
  11 hobgoblins
  3 jackals (D:2)
  5 quokkas
  5 ball pythons
  3 bats
  3 frilled lizards
  4 kobolds (D:1)
  3 rats (D:3)
84 creatures vanquished.

Notes
Turn   | Place    | Note
-------+----------+-------------------------------------------
     0 | D:1      | cdecastro the Hill Orc Fighter began the quest for the Orb.
     0 | D:1      | Reached XP level 1. HP: 19/19 MP: 1/1
    59 | D:1      | Found a faded altar of an unknown god.
   188 | D:1      | Reached XP level 2. HP: 15/27 MP: 2/2
   249 | D:1      | Found Reucreerph's Antique Weapon Shoppe.
   846 | D:2      | Reached XP level 3. HP: 22/34 MP: 3/3
  1141 | D:2      | Noticed Robin
  1299 | D:1      | Killed Robin
  1300 | D:1      | Reached XP level 4. HP: 33/41 MP: 4/4
  1360 | D:2      | Reached skill level 5 in Fighting
  1388 | D:2      | Noticed Jessica
  1393 | D:2      | Killed Jessica
  1863 | D:3      | Reached skill level 5 in Axes
  1878 | D:3      | Reached XP level 5. HP: 47/48 MP: 5/5
  2111 | D:3      | Found a faded altar of an unknown god.
  2116 | D:3      | Found a radiant altar of Vehumet.
  2124 | D:3      | Prayed at the altar of an unknown god.
  2124 | D:3      | Became a worshipper of Nemelex Xobeh the Trickster
  2124 | D:3      | Reached * piety under Nemelex Xobeh
  2350 | D:3      | Found Sywkomnib's Magic Scroll Emporium.
  2353 | D:3      | Bought a scroll of teleportation for 39 gold pieces
  2353 | D:3      | Bought a scroll of fog for 52 gold pieces
  2456 | D:4      | Noticed Blork the orc
  2469 | D:3      | Killed Blork the orc
  2470 | D:3      | Reached XP level 6. HP: 38/57 MP: 6/6
  2659 | D:4      | Noticed Duvessa
  2699 | D:4      | Killed Duvessa
  2704 | D:4      | Noticed Dowan
  2752 | D:4      | Received a gift from Nemelex Xobeh
  3058 | D:4      | Reached ** piety under Nemelex Xobeh
  3096 | D:4      | Killed Dowan
  3336 | D:5      | Entered Level 5 of the Dungeon
  3345 | D:4      | Reached XP level 7. HP: 66/66 MP: 7/7
  3434 | D:5      | Reached skill level 1 in Invocations
  3581 | D:5      | Identified the +2 scale mail of Parphif {rC+ Int+3}
  3955 | D:5      | Slain by an ogre

Illustrated notes

Levels and vault maps discovered:
D:1:      grunt_arrival_lava_bath, layout_rooms, basic_ecumenical_altar,
          serial_shops, shop, nicolae_hexahallways, minmay_quantized
D:2:      layout_loops_ring, amethyst_killhole, kennysheep_generic_room_5,
          uniq_robin, uniq_jessica
D:3:      layout_basic, nicolae_overflow_ecumenical_swirl, serial_shops,
          nicolae_shop_rolled_up, kennysheep_cross_room, minmay_goblin_outpost
D:4:      layout_loops_cross, uniq_duvessa, uniq_blork_the_orc
D:5:      layout_layer_cave, temple_green, serial_shops,
          nicolae_shop_hallway_plus

Skill      XL: |  1  2  3  4  5  6  7 |
---------------+----------------------+-----
Axes           | 3 4 5 7 |  7.6
Fighting       | 4 5 6 7 |  7.9
Invocations    | 2 |  2.4
Armour         | |  3.2
Shields        | |  3.2

Action                     |  1- 3 |  4- 6 |  7- 9 || total
---------------------------+-------+-------+-------++-------
  Melee: War axe           |   125 |   129 |    49 ||   303
  Throw: Dart              |       |     2 |       ||     2
    Use: Potion            |       |     1 |       ||     1
 Armour: Scale mail        |    83 |    31 |     8 ||   122
         Plate armour      |       |    44 |    10 ||    54
  Dodge: Dodged            |    82 |    58 |    15 ||   155
  Block: Buckler           |    33 |    34 |    12 ||    79
